 Dungeon Crawl Stone Soup version 0.19.0-9-gfd783f2 (webtiles) character file.

155 Andry07 the Skirmisher (level 5, -7/46 HPs)
             Began as a Merfolk Skald on Nov 7, 2016.
             Mangled by a worm (11 damage)
             ... on level 3 of the Dungeon.
             The game lasted 00:03:55 (3020 turns).

Andry07 the Skirmisher (Merfolk Skald)              Turns: 3020, Time: 00:03:56

Health: -7/46      AC:  3    Str: 14    XL:     5   Next: 37%
Magic:  8/8        EV: 11    Int: 11    God:
Gold:   71         SH:  0    Dex: 13    Spells: 1 memorised, 7 levels left

rFire  . . .     SeeInvis .     a - +0 spear
rCold  . . .     Gourm    .     b - +0 leather armour
rNeg   . . .     Faith    .     (no shield)
rPois  .         Spirit   .     (no helmet)
rElec  .         Reflect  .     (no cloak)
rCorr  .         Harm     .     (no gloves)
MR     .....                    (no boots)
Stlth  +.........               (no amulet)
                                (no ring)
                                (no ring)

@: no status effects
A: change form in water, swift swim, stealthy swim
a: no special abilities


You were on level 3 of the Dungeon.
You were hungry.

You visited 1 branch of the dungeon, and saw 3 of its levels.

You collected 71 gold pieces.

Inventory:

Hand Weapons
 a - a +0 spear (weapon)
Armour
 b - a +0 leather armour (worn)
Jewellery
 o - an uncursed ring of stealth {unknown}
Wands
 m - a wand of digging (1/24)
Scrolls
 e - a scroll of teleportation {unknown}
 f - 3 scrolls of remove curse {unknown}
 g - 3 scrolls of enchant armour {unknown}
 i - a scroll of identify {unknown}
 j - a scroll of fog {unknown}
 k - 4 scrolls of fear {unknown}
 l - 2 scrolls of noise {unknown}
Potions
 n - a potion of brilliance {unknown}
Books
 c - a book of Battle

   Spells                             Type                      Level
   a - Infusion                       Charms                       1
   b - Shroud of Golubria             Charms/Translocation         2
   c - Song of Slaying                Charms                       2
   d - Spectral Weapon                Hexes/Charms                 3
   e - Regeneration                   Charms/Necromancy            3
Comestibles
 d - 3 bread rations
 h - 3 slices of pizza


   Skills:
 + Level 5.9 Fighting
 - Level 3.0 Polearms
 - Level 0.6 Armour
 - Level 1.3 Dodging
 - Level 2.0 Spellcasting
 - Level 3.2 Charms


You had 7 spell levels left.
You knew the following spells:

 Your Spells              Type           Power        Failure   Level  Hunger
a - Infusion              Chrm           #...         12%         1    ##.....


Dungeon Overview and Level Annotations

Branches:
Dungeon (3/15)

Altars:
Gozag
Kikubaaqudgha


Message History

The worm is severely wounded.
The frilled lizard bites you. The worm bites you!
* * * LOW HITPOINT WARNING * * *
You are too injured to fight recklessly!
You are too injured to fight recklessly!
You are too injured to fight recklessly!
You hit the worm.
The worm is severely wounded.
The frilled lizard barely misses you.
You hit the worm.
The worm is severely wounded.
The worm bites you!
* * * LOW HITPOINT WARNING * * *
You hit the worm.
The worm is almost dead.
The frilled lizard bites you but does no damage.
You barely miss the worm.
The worm is almost dead.
The frilled lizard barely misses you. The worm bites you!
You die...

## 8### ###### ._.#
#....#
..##########....#######
.≈##.................>#
'####...........@w..#
................l...#
.####.......#.#.....#
..# ##............!.#
..# #..........#.....#
..###................#
......................#
...#...................
..........[..##


You could see a worm and a frilled lizard.

Vanquished Creatures
  Jessica (D:2)
  Ijyb (D:3)
  5 adders
  2 oozes (D:1)
  A worm (D:2)
  2 dart slugs
  2 leopard geckos (D:2)
  A giant cockroach (D:3)
  6 goblins
  2 hobgoblins (D:2)
  5 jackals
  3 kobolds
  8 bats
  2 frilled lizards (D:2)
  7 rats
48 creatures vanquished.

Notes
Turn   | Place    | Note
-------+----------+-------------------------------------------
     0 | D:1      | Andry07 the Merfolk Skald began the quest for the Orb.
     0 | D:1      | Reached XP level 1. HP: 16/16 MP: 3/3
   211 | D:1      | Reached skill level 3 in Fighting
   211 | D:1      | Reached XP level 2. HP: 24/24 MP: 5/5
   795 | D:1      | Reached XP level 3. HP: 30/30 MP: 6/6
  1244 | D:2      | Reached skill level 4 in Fighting
  1769 | D:2      | Reached XP level 4. HP: 28/38 MP: 7/7
  2042 | D:3      | Reached skill level 5 in Fighting
  2449 | D:3      | Found an ancient bone altar of Kikubaaqudgha.
  2450 | D:3      | Found an opulent altar of Gozag.
  2470 | D:3      | Noticed Ijyb
  2478 | D:3      | Noticed Jessica
  2690 | D:2      | Killed Jessica
  2690 | D:2      | Reached XP level 5. HP: 16/46 MP: 8/8
  2942 | D:3      | Killed Ijyb
  3020 | D:3      | Mangled by a worm

Skill      XL: |  1  2  3  4 |
---------------+-------------+-----
Fighting       | 3 4 5 |  5.9
Polearms       | |  3.0
Armour         | |  0.6
Dodging        | |  1.3
Spellcasting   | |  2.0
Charms         | |  3.2

Action                   |  1- 3 |  4- 6 || total
-------------------------+-------+-------++-------
Melee: Spear             |   121 |   147 ||   268
 Stab: Sleeping          |     1 |       ||     1
  Eat: Chunk             |     3 |     3 ||     6
Armor: Leather armour    |    15 |    33 ||    48
Dodge: Dodged            |    58 |    92 ||   150
